 Dungeon Crawl Stone Soup version 0.20.1-1-g8b1a95d (webtiles) character file.

34 Energizer the Skirmisher (level 3, -2/29 HPs)
             Began as a Demonspawn Chaos Knight on July 20, 2017.
             Slain by an adder (3 damage)
             ... on level 1 of the Dungeon.
             The game lasted 00:03:07 (1281 turns).

Energizer the Skirmisher (Demonspawn Chaos Knight)  Turns: 1281, Time: 00:03:08

Health: -2/29      AC:  5    Str: 13    XL:     3   Next: 14%
Magic:  3/3        EV: 10    Int: 13    God:    Xom [..*...]
Gold:   73         SH:  3    Dex: 12    Spells: 2/2 levels left

rFire    . . .     SeeInvis .   a - +0 falchion (chaos)
rCold    . . .     Gourm    .   p - +0 buckler
rNeg     . . .     Faith    .   b - +2 leather armour
rPois    .         Spirit   .   (helmet restricted)
rElec    .         Reflect  .   (no cloak)
rCorr    .         Harm     .   (no gloves)
MR       .....                  (no boots)
Stlth    +.........             (no amulet)
Regen    0.1/turn               (no ring)
MPRegen  0.1/turn               (no ring)

@: lethally poisoned (-2 -> -7), hasted, very quick
A: antennae 1, rot immunity
a: Renounce Religion


You were on level 1 of the Dungeon.
You worshipped Xom.
You were a toy of Xom.
You were not hungry.

You visited 1 branch of the dungeon, and saw 2 of its levels.

You collected 73 gold pieces.

Inventory:

Hand Weapons
 a - a +0 falchion of chaos (weapon)
Missiles
 l - 26 poisoned needles
Armour
 b - a +2 leather armour (worn)
 p - a +0 buckler (worn)
Jewellery
 d - a +4 ring of evasion {unknown}
 e - an uncursed ring of protection from cold {unknown}
Wands
 r - a wand of acid (2/15)
Scrolls
 g - a scroll of noise {unknown}
 i - 2 scrolls of identify {unknown}
 j - a scroll of remove curse {unknown}
 k - a scroll of random uselessness {unknown}
 m - a scroll of enchant armour {unknown}
 n - a scroll of enchant weapon {unknown}
Potions
 o - a potion of agility {unknown}
 q - a potion of curing {unknown}
Comestibles
 c - a bread ration
 f - 2 chunks of flesh


   Skills:
 + Level 3.3 Fighting
 * Level 3.1 Long Blades
 + Level 2.1 Armour
 + Level 1.3 Dodging
 + Level 0.6 Stealth
 + Level 0.0 Shields


You had 2 spell levels left.
You didn't know any spells.

Dungeon Overview and Level Annotations

Branches:
Dungeon (2/15)

Altars:
Hepliaklqana


Innate Abilities, Weirdness & Mutations

You have a pair of small antennae on your head.
You are immune to rotting.


Message History

You block something's attack.
You feel sick.
There is a stone staircase leading up here.
Something bites you.
* * * LOW HITPOINT WARNING * * *
You are lethally poisoned!
Something poisons you!
You climb upwards.
* * * LOW HITPOINT WARNING * * *
You feel sick.
There is a stone staircase leading down here.
Something bites you.
* * * LOW HITPOINT WARNING * * *
* * * LOW HITPOINT WARNING * * *
You feel sick.
It was a potion of haste.
You feel yourself speed up.
Xom thinks this is hilarious!
* * * LOW HITPOINT WARNING * * *
You feel sick. Something bites you.
You die...

.#####....................#.#####
..## ##.#.######..######.........
..รท# #.#.# #..# #............
..P# #.#.# #..###.##....####.
...# #.#.## #.........#.......
..## #.#..# #..###.##...#####.
#######.##.#####..###.##..## #.
####....##.##.......^#....## ##.
#..###.......###@..........# ##..
#..# #.###..## ##{....####.###..#
#..# #.###.######>....## #.##..##
...###.........##......###.##...#
#.......##.##.#.#.............#..
#.####.....#.###......####.#####.
#.####..##.##.#..####............
.#..............## ######.######
#.####>.######### #.#


There were no monsters in sight!

Vanquished Creatures
  3 worms (D:2)
  A dart slug (D:1)
  4 goblins
  3 hobgoblins
  A ball python (D:1)
  5 bats
  2 frilled lizards (D:1)
  2 kobolds (D:1)
  3 rats
24 creatures vanquished.

Notes
Turn   | Place    | Note
-------+----------+-------------------------------------------
     0 | D:1      | Energizer the Demonspawn Chaos Knight began the quest for the Orb.
     0 | D:1      | Reached XP level 1. HP: 18/18 MP: 1/1
    44 | D:1      | Reached skill level 1 in Dodging
   299 | D:1      | Gained mutation: You have a pair of small antennae on your head. [demonic ancestry]
   299 | D:1      | Reached XP level 2. HP: 12/24 MP: 2/2
   882 | D:2      | Found a hazy altar of Hepliaklqana.
   907 | D:2      | XOM: potion effect (brilliance)
   921 | D:2      | XOM: harmless Necr miscast
  1086 | D:2      | XOM: harmless Air miscast
  1107 | D:2      | Gained mutation: You are immune to rotting. [demonic ancestry]
  1107 | D:2      | Reached XP level 3. HP: 27/29 MP: 3/3
  1281 | D:1      | HP: 1/29 [poisoned by an adder]
  1281 | D:1      | Slain by an adder

Skill      XL: |  1  2 |
---------------+-------+-----
Dodging        | 1 |  1.3
Long Blades    | 3 |  3.1
Armour         | 2 |  2.1
Fighting       | |  3.3
Stealth        | |  0.6

Action                   || total
-------------------------++-------
Melee: Falchion          ||    74
  Use: Potion            ||     1
 Stab: Petrifying        ||     1
       Petrified         ||     1
       Confused          ||     1
  Eat: Chunk             ||     1
Armor: Leather armour    ||    17
Dodge: Dodged            ||    47
Block: Buckler           ||     1
       Rpst.: Falchion   ||    16
